 Dungeon Crawl Stone Soup version 0.31-a0-75-g6fe912e8c5 (webtiles) character file.

Game seed: 13092627185504640949

64 lunkers the Twirler (level 4, -3/33 HPs)
             Began as a Meteoran Wanderer on May 23, 2023.
             Slain by a gnoll
             ... wielding a +0 club
              (7 damage)
             ... on level 3 of the Dungeon.
             The game lasted 00:01:29 (931 turns).

lunkers the Twirler (Meteoran Wanderer)              Turns: 931, Time: 00:01:30

Health: -3/33      AC:  3    Str: 13    XL:     4   Next: 58%
Magic:  16/16      EV: 13    Int: 13    God:
Gold:   100        SH:  0    Dex: 16    Spells: 4/5 levels left

rFire   . . .        a - +0 quarterstaff
rCold   . . .        (shield currently unavailable)
rNeg    . . .        d - +0 robe
rPois   .            (no helmet)
rElec   .            (no cloak)
rCorr   .            (no gloves)
SInv    .            b - +0 pair of boots
Will    .....        (no amulet)
Stlth   +            h - ring of magical power
HPRegen 0.25/turn    (no ring)
MPRegen 0.15/turn

%: no passive effects
@: glowing
A: sense surroundings 1, otherworldly, glowing, explore regen
a: no special abilities


You were on level 3 of the Dungeon.
You visited 1 branch of the dungeon, and saw 3 of its levels.

You collected 100 gold pieces.

Inventory:

Hand Weapons
 a - a +0 quarterstaff (weapon)
Armour
 b - a +0 pair of boots (worn)
 d - a +0 robe (worn)
Jewellery
 h - a ring of magical power (left hand)
Scrolls
 c - a scroll of fog
 g - a scroll of noise {unknown}
 i - a scroll of vulnerability {unknown}
 j - a scroll of magic mapping {unknown}
Potions
 e - a potion of curing
 f - a potion of heal wounds


   Skills:
 + Level 4.7 Staves
 - Level 2.4 Armour
 - Level 3.6 Dodging
 - Level 1.3 Spellcasting
 - Level 2.4 Hexes
 - Level 1.2 Evocations


You had 4 spell levels left.
You knew the following spells:

 Your Spells              Type           Power      Damage    Failure   Level
p - Slow                  Hex            28%        N/A       10%         1

Your spell library contained the following spells:

 Spells                   Type           Power      Damage    Failure   Level
 Tukima's Dance           Hex            7%         N/A       30%         3
 Fulminant Prism          Conj/Hex       1%         3d5       87%         4


Dungeon Overview and Level Annotations

Branches:
Dungeon (3/15) Zot: 856

Altars:


Innate Abilities, Weirdness & Mutations

You passively map a small area around you.
You are easily found by Zot.
You glow in the dark.
You regain HP and MP as you explore.


Message History

Found 18 gold pieces.
The gnoll shouts! x2
There are monsters nearby!
There are monsters nearby!
The gnoll throws a stone.
The stone closely misses you.
Found 2 poisoned darts.
The gnoll closely misses you. The gnoll hits you with a +0 whip.
The gnoll attacks as you move away! The gnoll completely misses you.
The gnoll attacks as you move away! The gnoll barely misses you.
The gnoll closely misses you. The gnoll attacks as you move away!
The gnoll barely misses you. The gnoll attacks as you move away!
The gnoll misses you. The gnoll attacks as you move away!
The gnoll closely misses you.
The gnoll throws a throwing net.
The throwing net hits you.
You become entangled in the net!
You see here a throwing net.
You struggle against the net.
The gnoll hits you with a +0 club.
You struggle against the net.
The gnoll closely misses you. The gnoll hits you with a +0 club!
You shred the net and break free! The gnoll barely misses you.
The gnoll hits you with a +0 club. The gnoll attacks as you move away!
The gnoll barely misses you. The gnoll attacks as you move away!
The gnoll barely misses you. The gnoll attacks as you move away!
The gnoll hits you with a +0 club!
* * * LOW HITPOINT WARNING * * *
The gnoll throws a stone.
The stone hits you.
* * * LOW HITPOINT WARNING * * *
The gnoll throws a throwing net.
The throwing net hits you.
You become entangled in the net!
You struggle against the net.
You struggle against the net.
You tear a large gash into the net.
The gnoll barely misses you.
You rip the net and break free!
The gnoll hits you with a +0 club.
* * * LOW HITPOINT WARNING * * *
You closely miss the gnoll. The gnoll barely misses you.
You hit the gnoll but do no damage. The gnoll hits you with a +0 club.
* * * LOW HITPOINT WARNING * * *
You hit the gnoll but do no damage. The gnoll closely misses you.
You hit the gnoll but do no damage. The gnoll hits you with a +0 club!
You die...

#.# #......#..##### #.#
#........## #.#
#..†....## , * #.#
###......## #.#
#........#
..####.#....g.#
...##..#......# ,
........).....########..
,
......##.....ggg@.......
,
....####......#####.###.
* ..)###....##### ,
.......#### , * *
.†..###* , ** >...# * ,
....# * , ,, ...#..., ,
, ..##^... ,


You could see 3 gnolls.

Vanquished Creatures
  Terence (D:2)
  An adder (D:2)
  A dart slug (D:3)
  2 ball pythons
  2 endoplasms
  3 goblins
  3 hobgoblins (D:1)
  2 quokkas (D:1)
  A bat (D:1)
  4 frilled lizards
  5 kobolds
  3 rats (D:1)
28 creatures vanquished.

Notes
Turn   | Place    | Note
-------+----------+-------------------------------------------
     0 | D:1      | lunkers the Meteoran Wanderer began the quest for the Orb.
     0 | D:1      | lunkers set off with the following items: a +0
                  | quarterstaff, a +0 pair of boots, a scroll of fog, a +0
                  | robe; and the following spell memorised: Slow; and the
                  | following spells available to memorise: Tukima's Dance,
                  | Fulminant Prism.
     0 | D:1      | Reached XP level 1. HP: 14/14 MP: 3/3
    75 | D:1      | Reached skill level 2 in Staves
    89 | D:1      | Reached XP level 2. HP: 20/20 MP: 5/5
   259 | D:1      | Reached skill level 3 in Staves
   265 | D:1      | Reached XP level 3. HP: 21/26 MP: 6/6
   468 | D:2      | Noticed Terence
   480 | D:2      | Killed Terence
   481 | D:2      | Reached skill level 4 in Staves
   481 | D:2      | Reached XP level 4. HP: 21/33 MP: 7/7
   931 | D:3      | Slain by a gnoll

Illustrated notes

Levels and vault maps discovered:
D:1:      dpeg_arrival_lava_temple_mockup, layout_loops_corners,
          minmay_tromino_i4
D:2:      layout_loops_corners, chequers_ecumenical_altar_grove,
          chequers_arboretum, kennysheep_crisscross, skrybe_limestone_x,
          minmay_misc_feat_nine_boxes, uniq_terence
D:3:      layout_rooms, serial_bayou, serial_bayou_shore_b, serial_bayou_ford_a,
          serial_bayou_shore_a, serial_bayou_shore_b, uniq_natasha, uniq_ijyb

Skill      XL: |  1  2  3 |
---------------+----------+-----
Staves         | 2 3 4 |  4.7
Armour         | |  2.4
Dodging        | |  3.6
Spellcasting   | |  1.3
Hexes          | |  2.4
Evocations     | |  1.2

Action                     |  1- 3 |  4- 6 || total
---------------------------+-------+-------++-------
  Melee: Quarterstaff      |    58 |    25 ||    83
    Use: Scroll            |     2 |     2 ||     4
 Armour: Robe              |     9 |     4 ||    13
  Dodge: Dodged            |    32 |    25 ||    57

Table legend: (Time is in decaauts)
 A = Elapsed time spent in this place.
 B = Non-inter-level travel time spent in this place.
 C = Inter-level travel time spent in this place.
 D = Time resting spent in this place.
 E = Time spent auto-exploring this place.
 F = Levels seen in this place.
 G = Mean time per level.
                   A        B        C        D        E       F      G
               +--------+--------+--------+--------+--------+-----+--------+
         Total |    942 |    895 |     47 |      0 |    671 |   3 |  314.0 |
       Dungeon |    942 |    895 |     47 |      0 |    671 |   3 |  314.0 |
               +--------+--------+--------+--------+--------+-----+--------+

Top non-repeatable levels by time:
     D:2: 429 daAuts
     D:1: 396 daAuts
     D:3: 117 daAuts
